 Dungeon Crawl Stone Soup version 0.26-a0-651-gb41185065b (webtiles) character file.

Game seed: 7934396198061721110

25 Irenicus the Digger (level 2, -4/22 HPs)
             Began as a Deep Dwarf Earth Elementalist on Oct 24, 2020.
             Killed from afar by Natasha (6 damage)
             ... with a magic dart
             ... on level 2 of the Dungeon.
             The game lasted 00:02:54 (401 turns).

Irenicus the Digger (Deep Dwarf Earth Elementalist)  Turns: 401, Time: 00:02:55

Health: -4/22      AC:  5    Str: 17    XL:     2   Next: 82%
Magic:  0/4        EV: 12    Int: 15    God:
Gold:   39         SH:  0    Dex: 13    Spells: 3/4 levels left

rFire    . . .     SeeInvis .   c - +0 club
rCold    . . .     Faith    .   (no shield)
rNeg     . . .     Spirit   .   d - +0 leather armour
rPois    .         Reflect  .   e - +1 helmet
rElec    .         Harm     .   (no cloak)
rCorr    .         Rampage  .   (no gloves)
MR       .....                  (no boots)
Stlth    ++........             (no amulet)
HPRegen  0.00/turn              h - +6 ring of strength
MPRegen  0.09/turn              (no ring)

@: brilliant, stab, very slightly contaminated, non-regenerating
A: damage resistance, heal wounds, sense surroundings 1, no regeneration
a: Heal Wounds


You were on level 2 of the Dungeon.
You visited 1 branch of the dungeon, and saw 2 of its levels.

You collected 39 gold pieces.

Inventory:

Hand Weapons
 c - a +0 club (weapon)
   (You took it off a hobgoblin on level 1 of the Dungeon)
Missiles
 b - 11 stones (quivered)
Armour
 d - a +0 leather armour (worn)
   (You found it on level 1 of the Dungeon)
 e - a +1 helmet (worn)
   (You found it on level 1 of the Dungeon)
Jewellery
 h - a +6 ring of strength (left hand)
   (You found it on level 1 of the Dungeon)
Scrolls
 a - a scroll of remove curse {unknown}
 g - 2 scrolls of identify {unknown}
 k - a scroll of enchant weapon {unknown}
 m - a scroll of blinking {unknown}
Potions
 i - 2 potions of flight {unknown}
 j - 2 potions of brilliance
 l - a potion of haste {unknown}


   Skills:
 - Level 2.1 Dodging
 - Level 2.4 Stealth
 - Level 1.7 Spellcasting
   Level 0.8 Transmutations
 + Level 5.5 Earth Magic


You had 3 spell levels left.
You knew the following spells:

 Your Spells              Type           Power        Failure   Level
a - Sandblast             Erth           ####..       3%          1

Your spell library contained the following spells:

 Spells                   Type           Power        Failure   Level
 Passwall                 Tmut/Erth      ###.....     12%         2
 Stone Arrow              Conj/Erth      ##....       26%         3
 Petrify                  Tmut/Erth      ###.....     58%         4
 Lee's Rapid Deconstruct  Erth           ####......   63%         5


Dungeon Overview and Level Annotations

Branches:
Dungeon (2/15)

Altars:

Annotations:
D:2 Natasha


Innate Abilities, Weirdness & Mutations

You are resistant to damage.
You can heal yourself by infusing magical energy.
You passively map a small area around you.
You do not regenerate.


Message History

The hobgoblin hits you but does no damage.
You hit the hobgoblin but do no damage. The hobgoblin closely misses you.
You hit the hobgoblin.
The hobgoblin is heavily wounded.
The hobgoblin hits you with a +0 club.
You closely miss the hobgoblin.
The hobgoblin is heavily wounded.
The hobgoblin closely misses you.
Natasha wildly gestures.
Natasha shimmers violently.
You hit the hobgoblin but do no damage.
The hobgoblin is heavily wounded.
The hobgoblin misses you.
Natasha howls an incantation.
You feel disoriented.
You hit the hobgoblin.
You kill the hobgoblin!
The goblin hits you but does no damage.
You closely miss the goblin. The goblin misses you.
You closely miss the goblin. The goblin closely misses you.
You hit the goblin.
You kill the goblin!
The shadow imp spits at you.
Casting: Sandblast (safe; 3% risk of failure)
Confirm with . or Enter, or press ? or * to list all spells.
Press: ? - help, Shift-Dir - straight line, f - Natasha, p - worm
Aim: Natasha The blast of sand hits Natasha.
Natasha is lightly wounded.
b - 13 stones Natasha claws you but does no damage.
You now have 2/4 mp.
Casting: Sandblast (safe; 3% risk of failure)
Confirm with . or Enter, or press ? or * to list all spells.
Aiming: Sandblast (safe; 3% risk of failure)
Press: ? - help, Shift-Dir - straight line, f/p - Natasha
Aim: Natasha (lightly wounded)
The blast of sand hits Natasha.
Natasha is heavily wounded.
b - 12 stones Natasha claws you!
You take 5 damage, and have 15/22 hp.
MASSIVE DAMAGE!!
You now have 1/4 mp.
Casting: Sandblast (safe; 3% risk of failure)
Confirm with . or Enter, or press ? or * to list all spells.
Aiming: Sandblast (safe; 3% risk of failure)
Press: ? - help, Shift-Dir - straight line, f/p - Natasha
Aim: Natasha (heavily wounded)
The blast of sand misses Natasha.
The blast of sand hits the shadow imp.
The shadow imp is moderately wounded.
b - 11 stones The shadow imp disappears in a puff of smoke!
Natasha mumbles some strange words.
You now have 0/4 mp.
You hit Natasha.
Natasha is heavily wounded.
The shadow imp disappears in a puff of smoke!
The white imp disappears in a puff of smoke!
Natasha misses you.
Natasha drinks a potion.
Natasha is healed!
The iron imp hits you.
You hit Natasha.
Natasha is lightly wounded.
Natasha barely misses you. The iron imp completely misses you.
You hit Natasha.
Natasha is moderately wounded.
Natasha closely misses you.
The iron imp hits you but does no damage.
You barely miss Natasha.
Natasha is moderately wounded.
Natasha claws you. Natasha barely misses you.
The iron imp hits you but does no damage.
You take 5 damage, and have 10/22 hp.
MASSIVE DAMAGE!!
Casting: Sandblast (safe; 3% risk of failure)
Confirm with . or Enter, or press ? or * to list all spells.
Aiming: Sandblast (safe; 3% risk of failure)
Press: ? - help, Shift-Dir - straight line, f/p - Natasha
Aim: Natasha (moderately wounded)
You miscast Sandblast.
You are very lightly contaminated with residual magic.
Nothing appears to happen.
Natasha barely misses you.
You now have 0/4 mp.
You hit Natasha but do no damage.
Natasha is moderately wounded.
The iron imp hits you.
* * * LOW HITPOINT WARNING * * *
Natasha barely misses you.
You take 4 damage, and have 6/22 hp.
You miss Natasha.
Natasha is moderately wounded.
The iron imp hits you but does no damage.
Natasha claws you.
* * * LOW HITPOINT WARNING * * *
You take 4 damage, and have 2/22 hp.
It was a potion of brilliance.
You feel clever all of a sudden. The iron imp misses you.
Natasha barely misses you.
It was a potion of stabbing.
You feel ready to backstab.
Natasha stares at you and mumbles some strange words.
The magic dart hits you!
You die...

..........## ,
,........... , , ,
<.........* * * *
,,, ......<5.####
........h...# * , ,
#......# . *,
#......# ####..> *
####......###.....#
, #.........wh@5# *
, * #.##..#########
,, * #.##..# *** ,
, , #..<.## , ,,,
#.....#### * , ,,,
, ....... , * ,
......# , .#.##..
*** , , ...*##. *


You could see a worm, an iron imp (summoned) and Natasha.

Vanquished Creatures
  3 giant cockroaches (D:1)
  4 goblins
  4 hobgoblins
  4 kobolds (D:1)
  2 bats (D:1)
  2 frilled lizards (D:1)
  3 rats (D:1)
22 creatures vanquished.

Notes
Turn   | Place    | Note
-------+----------+-------------------------------------------
     0 | D:1      | Irenicus the Deep Dwarf Earth Elementalist began the quest
                  | for the Orb.
     0 | D:1      | Reached XP level 1. HP: 15/15 MP: 3/3
   207 | D:1      | Reached XP level 2. HP: 20/22 MP: 2/4
   234 | D:1      | Reached skill level 5 in Earth Magic
   370 | D:2      | Noticed Natasha
   399 | D:2      | HP: 2/22 [Natasha (4)]
   401 | D:2      | Killed from afar by Natasha

Illustrated notes

Levels and vault maps discovered:
D:1:      lightli_arrival_maybe_door_vault, layout_loops_cross
D:2:      layout_rooms, nicolae_ru_the_path_less_chosen, uniq_natasha,
          uniq_jessica

Skill      XL: |  1  2 |
---------------+-------+-----
Earth Magic    | 5 |  5.5
Dodging        | |  2.1
Stealth        | |  2.4
Spellcasting   | |  1.7
Transmutations | |  0.8

Action                   || total
-------------------------++-------
Melee: Club              ||    18
 Cast: Sandblast         ||    23
  Use: Potion            ||     2
 Stab: Sleeping          ||     1
Armor: Leather armour    ||     7
Dodge: Dodged            ||    18

Table legend: (Time is in decaauts)
 A = Elapsed time spent in this place.
 B = Non-inter-level travel time spent in this place.
 C = Inter-level travel time spent in this place.
 D = Time resting spent in this place.
 E = Time spent auto-exploring this place.
 F = Levels seen in this place.
 G = Mean time per level.
                   A        B        C        D        E       F      G
               +--------+--------+--------+--------+--------+-----+--------+
         Total |    405 |    405 |      0 |      0 |      0 |   2 |  202.5 |
       Dungeon |    405 |    405 |      0 |      0 |      0 |   2 |  202.5 |
               +--------+--------+--------+--------+--------+-----+--------+

Top non-repeatable levels by time:
     D:1: 359 daAuts
     D:2: 45 daAuts

Table legend:
 A = Kills in this place as a percentage of kills in entire the game.
 B = Kills by you in this place as a percentage of kills by you in the entire game.
 C = Kills by friends in this place as a percentage of kills by friends in the entire game.
 D = Other kills in this place as a percentage of other kills in the entire game.
 E = Experience gained in this place as a percentage of experience gained in the entire game.
 F = Experience gained in this place divided by the number of levels of this place that you have seen.
                   A       B       C       D       E      F
               +-------+-------+-------+-------+-------+----------------------
         Total | 100.0 | 100.0 |   N/A |   N/A | 100.0 |  18.0
       Dungeon | 100.0 | 100.0 |   N/A |   N/A | 100.0 |  18.0
               +-------+-------+-------+-------+-------+----------------------
